 Dungeon Crawl Stone Soup version 0.24-a0-10-gb84795d (webtiles) character file.

Game seed: 9491771790785862060

2269 emperorscorpion the Poker (level 9, -9/47 HPs)
             Began as a Vine Stalker Berserker on Jan 31, 2019.
             Was an Elder of Trog.
             Killed from afar by a gargoyle (13 damage)
             ... with a stone arrow
             ... on level 11 of the Dungeon.
             The game lasted 00:08:58 (2400 turns).

emperorscorpion the Poker (Vine Stalker Berserker)  Turns: 2400, Time: 00:08:59

Health: -9/47      AC: 10    Str: 24    XL:     9   Next: 38%
Magic:  0/10       EV: 13    Int:  7    God:    Trog [****..]
Gold:   198        SH:  0    Dex: 13    Spells: 8/8 levels left

rFire    . . .     SeeInvis .   a - +0 spear
rCold    . . .     Gourm    .   (no shield)
rNeg     . . .     Faith    .   G - +0 troll leather armour
rPois    .         Spirit   +   d - +0 helmet
rElec    .         Reflect  .   (no cloak)
rCorr    .         Harm     .   (no gloves)
MR       +++..                  (no boots)
Stlth    +++.......             D - amulet of the acrobat
HPRegen  1.95/turn              x - +4 ring of protection
MPRegen  0.12/turn              o - ring of stealth

@: berserk cooldown, regenerating, slowed, very slow
A: fangs 3, regeneration 1, magic shield, antimagic bite, no potion heal 3, rot
immunity
a: Berserk, Trog's Hand, Brothers in Arms, Renounce Religion


You were on level 11 of the Dungeon.
You worshipped Trog.
Trog was greatly pleased with you.
You were near starving.

You visited 1 branch of the dungeon, and saw 11 of its levels.

You collected 268 gold pieces.
You spent 70 gold pieces at shops.

Inventory:

Hand Weapons
 a - a +0 spear (weapon)
 k - a +0 halberd
 r - a +4 hand axe
 A - a +2 flail of crushing
Missiles
 s - 18 poisoned needles
 t - 2 tomahawks (quivered)
Armour
 b - a +0 animal skin
 d - a +0 helmet (worn)
 e - a +0 scale mail
 z - a +0 chain mail
 G - a +0 troll leather armour (worn)
Magical Staves
 F - an uncursed staff of wizardry {unknown}
Jewellery
 o - a ring of stealth (right hand)
 x - a +4 ring of protection (left hand)
 D - an amulet of the acrobat (around neck)
Wands
 y - a wand of random effects (18)
 C - a wand of acid (7)
Scrolls
 f - a scroll of fog {unknown}
 g - 2 scrolls of enchant armour {unknown}
 i - 2 scrolls of remove curse
 l - 3 scrolls of teleportation
 u - a scroll of fear {unknown}
 v - a scroll of magic mapping {unknown}
 w - 4 scrolls of identify
Potions
 h - a potion of brilliance {unknown}
 j - a potion of degeneration {unknown}
 m - a potion of berserk rage {unknown}
 n - a potion of cancellation {unknown}
 p - a potion of lignification {unknown}
 q - a potion of heal wounds {unknown}
 E - 2 potions of flight {unknown}
Comestibles
 c - 12 rations
 B - 6 chunks of flesh


   Skills:
 + Level 5.2 Fighting
 + Level 7.9 Polearms
 + Level 5.3 Armour
 + Level 3.5 Dodging
 + Level 3.0 Stealth


You had 8 spell levels left.
You didn't know any spells.
Your spell library was empty.

Dungeon Overview and Level Annotations

Branches:
Dungeon (11/15)
 Temple: D:4-7         Lair: D:8-11         Orc: D:9-12

Altars:
Cheibriados
Dithmenos
Okawaru
The Shining One

Shops:
D:7 *


Innate Abilities, Weirdness & Mutations

You have razor-sharp teeth.
Your natural rate of healing is unusually fast.
When hurt, damage is shared between your health and your magic reserves.
Your bite disrupts and absorbs the magic of your enemies.
Potions cannot restore your health.
You are immune to rotting.


Message History

You hit the gargoyle but do no damage.
You bite the gargoyle, but do no damage.
You hit the gargoyle but do no damage. Your bite misses the gargoyle.
You puncture the gargoyle!
You bite the gargoyle, but do no damage.
The gargoyle is heavily damaged.
The gargoyle hurls a stone arrow at you.
The stone arrow hits you!!
* * * LOW HITPOINT WARNING * * *
You hit the gargoyle. Your bite misses the gargoyle.
The gargoyle is severely damaged.
You are no longer berserk.
You are exhausted.
You feel yourself slow down.
You hit the gargoyle. You bite the gargoyle. You drain its power.
You feel invigorated.
The gargoyle is almost destroyed.
The gargoyle hurls a stone arrow at you.
The stone arrow hits you!!
You die...

############
..oo.o)@9.(#
.#########.#
#.# #.#
#####.##
#......#
#.###..# #.#
#..# #.#
...#


You could see a gargoyle and 3 orcs.

Vanquished Creatures
  2 trolls (D:10)
  A hippogriff (D:9)
  A vampire (D:11)
  A wyvern (D:9)
  Edmund (D:4)
  An orc warrior (D:11)
  A sky beast (D:6)
  2 ice beasts
  3 ogres
  2 bullfrogs (D:9)
  2 scorpions
  A killer bee (D:9)
  2 orc priests (D:5)
  3 hounds
  An orc wizard (D:5)
  A worker ant (D:8)
  Robin (D:4)
  4 gnolls (D:2)
  3 adders
  A shadow imp (D:5)
  2 worms
  6 leopard geckos
  16 orcs
  2 giant cockroaches (D:2)
  15 goblins
  12 hobgoblins
  4 jackals (D:9)
  A quokka (D:4)
  A ball python (D:1)
  4 bats
  7 frilled lizards
  A jackal skeleton (D:4)
  4 kobolds
  A leopard gecko skeleton (D:3)
  A quokka skeleton (D:5)
  5 rats
116 creatures vanquished.

Notes
Turn   | Place    | Note
-------+----------+-------------------------------------------
     0 | D:1      | emperorscorpion the Vine Stalker Berserker began the quest
                  | for the Orb.
     0 | D:1      | Reached XP level 1. HP: 11/11 MP: 2/2
   134 | D:1      | Reached XP level 2. HP: 16/16 MP: 3/3
   233 | D:1      | Reached skill level 3 in Polearms
   303 | D:2      | Reached XP level 3. HP: 12/20 MP: 4/4
   312 | D:2      | Reached ** piety under Trog
   456 | D:2      | Gained mutation: Your natural rate of healing is unusually
                  | fast. [Vine Stalker growth]
   456 | D:2      | Reached XP level 4. HP: 24/24 MP: 5/5
   618 | D:2      | Found a snail-covered altar of Cheibriados.
  1087 | D:3      | Reached skill level 4 in Polearms
  1112 | D:4      | Noticed Robin
  1124 | D:4      | Reached XP level 5. HP: 28/28 MP: 4/6
  1145 | D:4      | Killed Robin
  1295 | D:5      | Entered Level 5 of the Dungeon
  1405 | D:4      | Found an iron altar of Okawaru.
  1405 | D:4      | Noticed Edmund
  1414 | D:5      | Reached XP level 6. HP: 21/32 MP: 7/7
  1580 | D:4      | Killed Edmund
  1580 | D:4      | Reached skill level 5 in Polearms
  1749 | D:5      | Reached *** piety under Trog
  1749 | D:5      | Reached XP level 7. HP: 37/37 MP: 8/8
  1869 | D:6      | Reached skill level 1 in Stealth
  1885 | D:7      | Found Huvywutt's General Store.
  1889 | D:7      | Bought a scroll of teleportation for 42 gold pieces
  1889 | D:7      | Bought a scroll of identify for 28 gold pieces
  1926 | D:9      | Noticed a wyvern
  1933 | D:9      | Killed a wyvern
  1933 | D:9      | Reached skill level 6 in Polearms
  2054 | D:9      | Found a glowing golden altar of the Shining One.
  2057 | D:9      | Found a shadowy altar of Dithmenos.
  2067 | D:9      | Gained mutation: You have razor-sharp teeth. [Vine Stalker
                  | growth]
  2067 | D:9      | Reached XP level 8. HP: 42/42 MP: 9/9
  2112 | D:10     | Entered Level 10 of the Dungeon
  2113 | D:10     | Noticed a hippogriff
  2130 | D:9      | Killed a hippogriff
  2142 | D:10     | Noticed a troll
  2186 | D:10     | Killed a troll
  2189 | D:10     | Reached skill level 7 in Polearms
  2243 | D:10     | Noticed a troll
  2258 | D:10     | Killed a troll
  2258 | D:10     | Reached skill level 5 in Fighting
  2258 | D:10     | Reached XP level 9. HP: 40/47 MP: 5/10
  2348 | D:11     | Reached skill level 5 in Armour
  2384 | D:11     | Noticed a gargoyle
  2389 | D:11     | Reached **** piety under Trog
  2398 | D:11     | HP: 2/70 [gargoyle/stone arrow (15)]
  2400 | D:11     | Killed from afar by a gargoyle

Vault maps used:
D:1:      scummos_arrival_gate, minmay_pentomino_w2
D:2:      lemuel_round_altar, kennysheep_generic_room_4
D:3:      nicolae_qazlal_style_of_elements, uniq_purgy
D:4:      chequers_temple_overflow_minitemple, minmay_temple_entry_large_hall,
          first_ration, chequers_serial_rivers_micro_d, okawaru_metal_pillars_3,
          uniq_edmund, uniq_robin
D:5:      lightli_minifort
D:6:      lemuel_zombie_altar_yredelemnul, minmay_holes
D:7:      lemuel_round_altar, serial_shops, shop, shop, kennysheep_mini_moat,
          shop, uniq_joseph
D:8:      old_standard_altar, serial_shops, shop_fountains, serial_rivers,
          chequers_serial_rivers_marsh, chequers_serial_rivers_micro_c,
          chequers_serial_rivers_micro_b, chequers_serial_rivers_marsh,
          grunt_ogre_cave, hangedman_decor_clover_reticule
D:9:      overflow_temple_1_default, elyvilon_altar_5,
          nicolae_dithmenos_through_a_glass_darkly,
          gammafunk_temple_overflow_statue, grunt_lair_entry_orc_guard_hut,
          minmay_protected_statue
D:11:     hiddenorc1_lemuel, serial_shops, shop_coins

Skill      XL: |  1  2  3  4  5  6  7  8  9 |
---------------+----------------------------+-----
Polearms       | 3 4 5 6 7 |  7.9
Fighting       | 3 4 5 |  5.2
Armour         | 2 3 4 5 |  5.3
Dodging        | 2 3 |  3.5
Stealth        | 1 2 3 |  3.0

Action                   |  1- 3 |  4- 6 |  7- 9 || total
-------------------------+-------+-------+-------++-------
Melee: Spear             |    72 |   141 |   174 ||   387
       Bite              |    12 |    38 |    56 ||   106
Invok: Berserk           |     3 |     6 |     7 ||    16
       Trog's Hand       |       |     1 |     1 ||     2
  Use: Scroll            |     1 |       |       ||     1
 Stab: Sleeping          |       |       |     2 ||     2
  Eat: Chunk             |     1 |    11 |     7 ||    19
Armor: Scale mail        |    17 |    42 |    31 ||    90
       Troll leather arm |       |       |    19 ||    19
Dodge: Dodged            |    20 |    64 |    87 ||   171

Table legend:
 A = Non-vault XP
 B = Vault XP
 C = Vault XP percentage of total XP
 D = Non-vault monster count
 E = Vault monster count
 F = Vault count percentage of total count
                 A         B        C        D         E       F
            +---------+---------+-------+---------+---------+-------
      Total |    2870 |     372 |  11.5 |      90 |      26 |  22.4
            +---------+---------+-------+---------+---------+-------
        D:1 |      17 |       0 |   0.0 |      12 |       0 |   0.0
        D:2 |     116 |       5 |   4.1 |      29 |       2 |   6.5
        D:3 |      13 |       0 |   0.0 |       6 |       0 |   0.0
        D:4 |      45 |     204 |  81.9 |       5 |      14 |  73.7
        D:5 |     239 |       0 |   0.0 |      13 |       0 |   0.0
        D:6 |     268 |       0 |   0.0 |       3 |       0 |   0.0
        D:8 |      32 |       0 |   0.0 |       1 |       0 |   0.0
        D:9 |     764 |       0 |   0.0 |      12 |       0 |   0.0
       D:10 |     731 |       0 |   0.0 |       4 |       0 |   0.0
       D:11 |     645 |     163 |  20.2 |       5 |      10 |  66.7
            +---------+---------+-------+---------+---------+-------
